Workbook

Sheet COTIZACIONES
A1: “CONTRATAR EL SUMINISTRO DE ELEMENTOS, INSUMOS Y REPUESTOS REQUERIDOS PARA EL MANTENIMIENTO PREVENTIVO Y CORRECTIVO DE LAS BICICLETAS DE PROPIEDAD DE LA SECRETARÍA DISTRITAL DE MOVILIDAD”
A2: 1. 0 SUMINISTRO | E2: COTIZACION No 1 MUNDIAL DE SUMINISTROS Y CONTRATOS S.A.S | F2: COTIZACION No 2 BERNAL & CIA | G2: COTIZACION No 3 BARRERO BIKES | H2: COTIZACION No 4 ANDRES BERNAL R/L GRUPO BEMORA SAS
A3: ITEM | B3: DESCRIPCION | C3: UNIDAD DE MEDIDA | D3: CANTIDAD | E3: VALOR UNITARIO IVA INCLUIDO | F3: VALOR UNITARIO IVA INCLUIDO | G3: VALOR UNITARIO IVA INCLUIDO | H3: VALOR UNITARIO IVA INCLUIDO
A4: 1 | B4: ESTACIÓN DE TRABAJO | C4: UNIDAD | D4: 1 | E4: 1170000 | F4: 367500 | G4: 33667155 | H4: 661500
A5: =A4+1 -> 2 | B5: SOPORTE DE PARED/BANCO DE TRABAJO | C5: UNIDAD | D5: 1 | E5: 405000 | F5: 220500 | G5: 1304878 | H5: 396900
A6: =A5+1 -> 3 | B6: ALICATES DE CADENA (PINZA PARA ESLABONES DE CADENA) | C6: UNIDAD | D6: 1 | E6: 112500 | F6: 51450 | G6: 80000 | H6: 92610
A7: =A6+1 -> 4 | B7: BOMBA / INFLADOR DE PISO CON MANOMETRO | C7: UNIDAD | D7: 1 | E7: 285000 | F7: 110250 | G7: 193800 | H7: 198450
A8: =A7+1 -> 5 | B8: CALIBRADOR DE ALINEACIÓN DE LA SUSPENSIÓN DEL DESVIADOR (COMPAS PARA ALINEAR LAS UÑAS DE LOS MARCOS) | C8: UNIDAD | D8: 1 | E8: 525000 | F8: 235200 | G8: 371785 | H8: 423360
A9: =A8+1 -> 6 | B9: COMPRESOR 24 LITROS | C9: UNIDAD | D9: 1 | E9: 1170000 | F9: 705600 | G9: 1750000 | H9: 1270080
A10: =A9+1 -> 7 | B10: HOMBRESOLO MEDIANO (10") | C10: UNIDAD | D10: 1 | E10: 97500 | F10: 36750 | G10: 105000 | H10: 66150
A11: =A10+1 -> 8 | B11: INSTALADOR DE ARAÑAS DE DIRECCIÓN | C11: UNIDAD | D11: 1 | E11: 180000 | F11: 80850 | G11: 163000 | H11: 145530
A12: =A11+1 -> 9 | B12: JUEGO DE COPAS PARA TALLER EN ACERO DE 3/8, HEXAGONALES Y TIPO TORX | C12: UNIDAD | D12: 1 | E12: 345000 | F12: 205800 | G12: 1082500 | H12: 370440
A13: =A12+1 -> 10 | B13: JUEGO DE LLAVES ALLEN EN FORMA DE L Y EXTREMO DE BOLA. | C13: UNIDAD | D13: 1 | E13: 102000 | F13: 66150 | G13: 105000 | H13: 119070
A14: =A13+1 -> 11 | B14: JUEGO DE LLAVES TORX | C14: UNIDAD | D14: 1 | E14: 112500 | F14: 66150 | G14: 150000 | H14: 119070
A15: =A14+1 -> 12 | B15: MARTILLO DE UÑA CARPINTERO EN ACERO MANGO ERGONÓMICO | C15: UNIDAD | D15: 1 | E15: 210000 | F15: 36750 | G15: 85000 | H15: 66150
A16: =A15+1 -> 13 | B16: NIVELADOR DE RINES (CENTRADOR) | C16: UNIDAD | D16: 1 | E16: 1020000 | F16: 323400 | G16: 575000 | H16: 582120
... A78: =A77+1 -> 75 | B78: ESTANTERIA METALICA DESARMABLE | C78: UNIDAD | D78: 1 | E78: 825000 | F78: 264600 | G78: 750000 | H78: 476280
A79: VALOR TOTAL COTIZACION | E79: =SUM(E4:E78) -> 13684500 | F79: =SUM(F4:F78) -> 6300420 | G79: =SUM(G4:G78) -> 51825468 | H79: =SUM(H4:H78) -> 11340756

Sheet PROMEDIO
A1: “CONTRATAR EL SUMINISTRO DE ELEMENTOS, INSUMOS Y REPUESTOS REQUERIDOS PARA EL MANTENIMIENTO PREVENTIVO Y CORRECTIVO DE LAS BICICLETAS DE PROPIEDAD DE LA SECRETARÍA DISTRITAL DE MOVILIDAD” | I1: ESCENARIO 1 PROMEDIO (4 COTIZACIONES) | P1: ESCENARIO 2 PROMEDIO (ELIMINANDO COTIZACION MAS ALTA 3) | W1: ESCENARIO 3 PROMEDIO (ELIMINANDO COTIZACION MAS ALTA 3 Y MAS BAJA 2)
A2: 1. 0 SUMINISTRO | E2: COTIZACION No 1 | F2: COTIZACION No 2 | G2: COTIZACION No 3 | H2: COTIZACION No 4 | I2: PROMEDIO UNITARIO | J2: DESVIACION ESTANDAR | K2: MINIMO | L2: SUPERIOR | M2: COEFICIENTE VARIACIÓN | N2: MARGEN CONFIABILIDAD | O2: NIVEL CONFIABILIDAD >75 | P2: PROMEDIO UNITARIO | Q2: DESVIACION ESTANDAR | R2: MINIMO | S2: SUPERIOR | T2: COEFICIENTE VARIACIÓN | U2: MARGEN CONFIABILIDAD | V2: NIVEL CONFIABILIDAD >75 | W2: PROMEDIO UNITARIO | X2: DESVIACION ESTANDAR | Y2: MINIMO | Z2: SUPERIOR | AA2: COEFICIENTE VARIACIÓN | AB2: MARGEN CONFIABILIDAD | AC2: NIVEL CONFIABILIDAD >75
A3: ITEM | B3: DESCRIPCION | C3: UNIDAD DE MEDIDA | D3: CANTIDAD | E3: VALOR UNITARIO IVA INCLUIDO | F3: VALOR UNITARIO IVA INCLUIDO | G3: VALOR UNITARIO IVA INCLUIDO | H3: VALOR UNITARIO IVA INCLUIDO
A4: 1 | B4: =COTIZACIONES!B4 -> ESTACIÓN DE TRABAJO | C4: UNIDAD | D4: 1 | E4: =COTIZACIONES!E4 -> 1170000 | F4: =COTIZACIONES!F4 -> 367500 | G4: =COTIZACIONES!G4 -> 33667155 | H4: =COTIZACIONES!H4 -> 661500 | I4: =ROUND(AVERAGE(E4:H4),0) -> 8966539 | J4: =STDEVP(E4:H4) -> 14263797 | K4: =MIN(E4:H4) -> 367500 | L4: =MAX(E4:H4) -> 33667155 | M4: =(J4/I4)*100 -> 159.07807 | N4: =100-M4 -> -59.078066 | O4: =IF(N4>75,"ALTO","BAJO") -> BAJO | P4: =ROUND(AVERAGE(E4,F4,H4),0) -> 733000 | Q4: =STDEVP(E4,F4,H4) -> 331497.36 | R4: =MIN(E4,F4,H4) -> 367500 | S4: =MAX(E4,F4,H4) -> 1170000 | T4: =(Q4/P4)*100 -> 45.224742 | U4: =100-T4 -> 54.775258 | V4: =IF(U4>75,"ALTO","BAJO") -> BAJO | W4: =ROUND(AVERAGE(E4,H4),0) -> 915750 | X4: =STDEVP(E4,H4) -> 254250 | Y4: =MIN(E4,H4) -> 661500 | Z4: =MAX(E4,H4) -> 1170000 | AA4: =(X4/W4)*100 -> 27.764128 | AB4: =100-AA4 -> 72.235872 | AC4: =IF(AB4>75,"ALTO","BAJO") -> BAJO
A5: =A4+1 -> 2 | B5: =COTIZACIONES!B5 -> SOPORTE DE PARED/BANCO DE TRABAJO | C5: UNIDAD | D5: 1 | E5: =COTIZACIONES!E5 -> 405000 | F5: =COTIZACIONES!F5 -> 220500 | G5: =COTIZACIONES!G5 -> 1304878 | H5: =COTIZACIONES!H5 -> 396900 | I5: =ROUND(AVERAGE(E5:H5),0) -> 581820 | J5: =STDEVP(E5:H5) -> 423917.96 | K5: =MIN(E5:H5) -> 220500 | L5: =MAX(E5:H5) -> 1304878 | M5: =(J5/I5)*100 -> 72.860671 | N5: =100-M5 -> 27.139329 | O5: =IF(N5>75,"ALTO","BAJO") -> BAJO | P5: =ROUND(AVERAGE(E5,F5,H5),0) -> 340800 | Q5: =STDEVP(E5,F5,H5) -> 85129.196 | R5: =MIN(E5,F5,H5) -> 220500 | S5: =MAX(E5,F5,H5) -> 405000 | T5: =(Q5/P5)*100 -> 24.979224 | U5: =100-T5 -> 75.020776 | V5: =IF(U5>75,"ALTO","BAJO") -> ALTO | W5: =ROUND(AVERAGE(E5,H5),0) -> 400950 | X5: =STDEVP(E5,H5) -> 4050 | Y5: =MIN(E5,H5) -> 396900 | Z5: =MAX(E5,H5) -> 405000 | AA5: =(X5/W5)*100 -> 1.010101 | AB5: =100-AA5 -> 98.989899 | AC5: =IF(AB5>75,"ALTO","BAJO") -> ALTO
A6: =A5+1 -> 3 | B6: =COTIZACIONES!B6 -> ALICATES DE CADENA (PINZA PARA ESLABONES DE CADENA) | C6: UNIDAD | D6: 1 | E6: =COTIZACIONES!E6 -> 112500 | F6: =COTIZACIONES!F6 -> 51450 | G6: =COTIZACIONES!G6 -> 80000 | H6: =COTIZACIONES!H6 -> 92610 | I6: =ROUND(AVERAGE(E6:H6),0) -> 84140 | J6: =STDEVP(E6:H6) -> 22146.141 | K6: =MIN(E6:H6) -> 51450 | L6: =MAX(E6:H6) -> 112500 | M6: =(J6/I6)*100 -> 26.320586 | N6: =100-M6 -> 73.679414 | O6: =IF(N6>75,"ALTO","BAJO") -> BAJO | P6: =ROUND(AVERAGE(E6,F6,H6),0) -> 85520 | Q6: =STDEVP(E6,F6,H6) -> 25422.781 | R6: =MIN(E6,F6,H6) -> 51450 | S6: =MAX(E6,F6,H6) -> 112500 | T6: =(Q6/P6)*100 -> 29.727293 | U6: =100-T6 -> 70.272707 | V6: =IF(U6>75,"ALTO","BAJO") -> BAJO | W6: =ROUND(AVERAGE(E6,H6),0) -> 102555 | X6: =STDEVP(E6,H6) -> 9945 | Y6: =MIN(E6,H6) -> 92610 | Z6: =MAX(E6,H6) -> 112500 | AA6: =(X6/W6)*100 -> 9.6972356 | AB6: =100-AA6 -> 90.302764 | AC6: =IF(AB6>75,"ALTO","BAJO") -> ALTO
A7: =A6+1 -> 4 | B7: =COTIZACIONES!B7 -> BOMBA / INFLADOR DE PISO CON MANOMETRO | C7: UNIDAD | D7: 1 | E7: =COTIZACIONES!E7 -> 285000 | F7: =COTIZACIONES!F7 -> 110250 | G7: =COTIZACIONES!G7 -> 193800 | H7: =COTIZACIONES!H7 -> 198450 | I7: =ROUND(AVERAGE(E7:H7),0) -> 196875 | J7: =STDEVP(E7:H7) -> 61809.875 | K7: =MIN(E7:H7) -> 110250 | L7: =MAX(E7:H7) -> 285000 | M7: =(J7/I7)*100 -> 31.395492 | N7: =100-M7 -> 68.604508 | O7: =IF(N7>75,"ALTO","BAJO") -> BAJO | P7: =ROUND(AVERAGE(E7,F7,H7),0) -> 197900 | Q7: =STDEVP(E7,F7,H7) -> 71342.449 | R7: =MIN(E7,F7,H7) -> 110250 | S7: =MAX(E7,F7,H7) -> 285000 | T7: =(Q7/P7)*100 -> 36.049747 | U7: =100-T7 -> 63.950253 | V7: =IF(U7>75,"ALTO","BAJO") -> BAJO | W7: =ROUND(AVERAGE(E7,H7),0) -> 241725 | X7: =STDEVP(E7,H7) -> 43275 | Y7: =MIN(E7,H7) -> 198450 | Z7: =MAX(E7,H7) -> 285000 | AA7: =(X7/W7)*100 -> 17.902575 | AB7: =100-AA7 -> 82.097425 | AC7: =IF(AB7>75,"ALTO","BAJO") -> ALTO
A8: =A7+1 -> 5 | B8: =COTIZACIONES!B8 -> CALIBRADOR DE ALINEACIÓN DE LA SUSPENSIÓN DEL DESVIADOR (COMPAS PARA ALINEAR LAS UÑAS DE LOS MARCOS) | C8: UNIDAD | D8: 1 | E8: =COTIZACIONES!E8 -> 525000 | F8: =COTIZACIONES!F8 -> 235200 | G8: =COTIZACIONES!G8 -> 371785 | H8: =COTIZACIONES!H8 -> 423360 | I8: =ROUND(AVERAGE(E8:H8),0) -> 388836 | J8: =STDEVP(E8:H8) -> 104435.74 | K8: =MIN(E8:H8) -> 235200 | L8: =MAX(E8:H8) -> 525000 | M8: =(J8/I8)*100 -> 26.858558 | N8: =100-M8 -> 73.141442 | O8: =IF(N8>75,"ALTO","BAJO") -> BAJO | P8: =ROUND(AVERAGE(E8,F8,H8),0) -> 394520 | Q8: =STDEVP(E8,F8,H8) -> 120055.04 | R8: =MIN(E8,F8,H8) -> 235200 | S8: =MAX(E8,F8,H8) -> 525000 | T8: =(Q8/P8)*100 -> 30.43066 | U8: =100-T8 -> 69.56934 | V8: =IF(U8>75,"ALTO","BAJO") -> BAJO | W8: =ROUND(AVERAGE(E8,H8),0) -> 474180 | X8: =STDEVP(E8,H8) -> 50820 | Y8: =MIN(E8,H8) -> 423360 | Z8: =MAX(E8,H8) -> 525000 | AA8: =(X8/W8)*100 -> 10.717449 | AB8: =100-AA8 -> 89.282551 | AC8: =IF(AB8>75,"ALTO","BAJO") -> ALTO
A9: =A8+1 -> 6 | B9: =COTIZACIONES!B9 -> COMPRESOR 24 LITROS | C9: UNIDAD | D9: 1 | E9: =COTIZACIONES!E9 -> 1170000 | F9: =COTIZACIONES!F9 -> 705600 | G9: =COTIZACIONES!G9 -> 1750000 | H9: =COTIZACIONES!H9 -> 1270080 | I9: =ROUND(AVERAGE(E9:H9),0) -> 1223920 | J9: =STDEVP(E9:H9) -> 370962.9 | K9: =MIN(E9:H9) -> 705600 | L9: =MAX(E9:H9) -> 1750000 | M9: =(J9/I9)*100 -> 30.309408 | N9: =100-M9 -> 69.690592 | O9: =IF(N9>75,"ALTO","BAJO") -> BAJO | P9: =ROUND(AVERAGE(E9,F9,H9),0) -> 1048560 | Q9: =STDEVP(E9,F9,H9) -> 245927.05 | R9: =MIN(E9,F9,H9) -> 705600 | S9: =MAX(E9,F9,H9) -> 1270080 | T9: =(Q9/P9)*100 -> 23.453789 | U9: =100-T9 -> 76.546211 | V9: =IF(U9>75,"ALTO","BAJO") -> ALTO | W9: =ROUND(AVERAGE(E9,H9),0) -> 1220040 | X9: =STDEVP(E9,H9) -> 50040 | Y9: =MIN(E9,H9) -> 1170000 | Z9: =MAX(E9,H9) -> 1270080 | AA9: =(X9/W9)*100 -> 4.1015049 | AB9: =100-AA9 -> 95.898495 | AC9: =IF(AB9>75,"ALTO","BAJO") -> ALTO
A10: =A9+1 -> 7 | B10: =COTIZACIONES!B10 -> HOMBRESOLO MEDIANO (10") | C10: UNIDAD | D10: 1 | E10: =COTIZACIONES!E10 -> 97500 | F10: =COTIZACIONES!F10 -> 36750 | G10: =COTIZACIONES!G10 -> 105000 | H10: =COTIZACIONES!H10 -> 66150 | I10: =ROUND(AVERAGE(E10:H10),0) -> 76350 | J10: =STDEVP(E10:H10) -> 27112.474 | K10: =MIN(E10:H10) -> 36750 | L10: =MAX(E10:H10) -> 105000 | M10: =(J10/I10)*100 -> 35.510772 | N10: =100-M10 -> 64.489228 | O10: =IF(N10>75,"ALTO","BAJO") -> BAJO | P10: =ROUND(AVERAGE(E10,F10,H10),0) -> 66800 | Q10: =STDEVP(E10,F10,H10) -> 24805.342 | R10: =MIN(E10,F10,H10) -> 36750 | S10: =MAX(E10,F10,H10) -> 97500 | T10: =(Q10/P10)*100 -> 37.133746 | U10: =100-T10 -> 62.866254 | V10: =IF(U10>75,"ALTO","BAJO") -> BAJO | W10: =ROUND(AVERAGE(E10,H10),0) -> 81825 | X10: =STDEVP(E10,H10) -> 15675 | Y10: =MIN(E10,H10) -> 66150 | Z10: =MAX(E10,H10) -> 97500 | AA10: =(X10/W10)*100 -> 19.156737 | AB10: =100-AA10 -> 80.843263 | AC10: =IF(AB10>75,"ALTO","BAJO") -> ALTO
A11: =A10+1 -> 8 | B11: =COTIZACIONES!B11 -> INSTALADOR DE ARAÑAS DE DIRECCIÓN | C11: UNIDAD | D11: 1 | E11: =COTIZACIONES!E11 -> 180000 | F11: =COTIZACIONES!F11 -> 80850 | G11: =COTIZACIONES!G11 -> 163000 | H11: =COTIZACIONES!H11 -> 145530 | I11: =ROUND(AVERAGE(E11:H11),0) -> 142345 | J11: =STDEVP(E11:H11) -> 37537.672 | K11: =MIN(E11:H11) -> 80850 | L11: =MAX(E11:H11) -> 180000 | M11: =(J11/I11)*100 -> 26.37091 | N11: =100-M11 -> 73.62909 | O11: =IF(N11>75,"ALTO","BAJO") -> BAJO | P11: =ROUND(AVERAGE(E11,F11,H11),0) -> 135460 | Q11: =STDEVP(E11,F11,H11) -> 41099.345 | R11: =MIN(E11,F11,H11) -> 80850 | S11: =MAX(E11,F11,H11) -> 180000 | T11: =(Q11/P11)*100 -> 30.340577 | U11: =100-T11 -> 69.659423 | V11: =IF(U11>75,"ALTO","BAJO") -> BAJO | W11: =ROUND(AVERAGE(E11,H11),0) -> 162765 | X11: =STDEVP(E11,H11) -> 17235 | Y11: =MIN(E11,H11) -> 145530 | Z11: =MAX(E11,H11) -> 180000 | AA11: =(X11/W11)*100 -> 10.588886 | AB11: =100-AA11 -> 89.411114 | AC11: =IF(AB11>75,"ALTO","BAJO") -> ALTO
A12: =A11+1 -> 9 | B12: =COTIZACIONES!B12 -> JUEGO DE COPAS PARA TALLER EN ACERO DE 3/8, HEXAGONALES Y TIPO TORX | C12: UNIDAD | D12: 1 | E12: =COTIZACIONES!E12 -> 345000 | F12: =COTIZACIONES!F12 -> 205800 | G12: =COTIZACIONES!G12 -> 1082500 | H12: =COTIZACIONES!H12 -> 370440 | I12: =ROUND(AVERAGE(E12:H12),0) -> 500935 | J12: =STDEVP(E12:H12) -> 341565.22 | K12: =MIN(E12:H12) -> 205800 | L12: =MAX(E12:H12) -> 1082500 | M12: =(J12/I12)*100 -> 68.185536 | N12: =100-M12 -> 31.814464 | O12: =IF(N12>75,"ALTO","BAJO") -> BAJO | P12: =ROUND(AVERAGE(E12,F12,H12),0) -> 307080 | Q12: =STDEVP(E12,F12,H12) -> 72364.942 | R12: =MIN(E12,F12,H12) -> 205800 | S12: =MAX(E12,F12,H12) -> 370440 | T12: =(Q12/P12)*100 -> 23.565501 | U12: =100-T12 -> 76.434499 | V12: =IF(U12>75,"ALTO","BAJO") -> ALTO | W12: =ROUND(AVERAGE(E12,H12),0) -> 357720 | X12: =STDEVP(E12,H12) -> 12720 | Y12: =MIN(E12,H12) -> 345000 | Z12: =MAX(E12,H12) -> 370440 | AA12: =(X12/W12)*100 -> 3.5558537 | AB12: =100-AA12 -> 96.444146 | AC12: =IF(AB12>75,"ALTO","BAJO") -> ALTO
A13: =A12+1 -> 10 | B13: =COTIZACIONES!B13 -> JUEGO DE LLAVES ALLEN EN FORMA DE L Y EXTREMO DE BOLA. | C13: UNIDAD | D13: 1 | E13: =COTIZACIONES!E13 -> 102000 | F13: =COTIZACIONES!F13 -> 66150 | G13: =COTIZACIONES!G13 -> 105000 | H13: =COTIZACIONES!H13 -> 119070 | I13: =ROUND(AVERAGE(E13:H13),0) -> 98055 | J13: =STDEVP(E13:H13) -> 19515.092 | K13: =MIN(E13:H13) -> 66150 | L13: =MAX(E13:H13) -> 119070 | M13: =(J13/I13)*100 -> 19.90219 | N13: =100-M13 -> 80.09781 | O13: =IF(N13>75,"ALTO","BAJO") -> ALTO | P13: =ROUND(AVERAGE(E13,F13,H13),0) -> 95740 | Q13: =STDEVP(E13,F13,H13) -> 22053.304 | R13: =MIN(E13,F13,H13) -> 66150 | S13: =MAX(E13,F13,H13) -> 119070 | T13: =(Q13/P13)*100 -> 23.034577 | U13: =100-T13 -> 76.965423 | V13: =IF(U13>75,"ALTO","BAJO") -> ALTO | W13: =ROUND(AVERAGE(E13,H13),0) -> 110535 | X13: =STDEVP(E13,H13) -> 8535 | Y13: =MIN(E13,H13) -> 102000 | Z13: =MAX(E13,H13) -> 119070 | AA13: =(X13/W13)*100 -> 7.7215362 | AB13: =100-AA13 -> 92.278464 | AC13: =IF(AB13>75,"ALTO","BAJO") -> ALTO
A14: =A13+1 -> 11 | B14: =COTIZACIONES!B14 -> JUEGO DE LLAVES TORX | C14: UNIDAD | D14: 1 | E14: =COTIZACIONES!E14 -> 112500 | F14: =COTIZACIONES!F14 -> 66150 | G14: =COTIZACIONES!G14 -> 150000 | H14: =COTIZACIONES!H14 -> 119070 | I14: =ROUND(AVERAGE(E14:H14),0) -> 111930 | J14: =STDEVP(E14:H14) -> 29985.154 | K14: =MIN(E14:H14) -> 66150 | L14: =MAX(E14:H14) -> 150000 | M14: =(J14/I14)*100 -> 26.789202 | N14: =100-M14 -> 73.210798 | O14: =IF(N14>75,"ALTO","BAJO") -> BAJO | P14: =ROUND(AVERAGE(E14,F14,H14),0) -> 99240 | Q14: =STDEVP(E14,F14,H14) -> 23551.395 | R14: =MIN(E14,F14,H14) -> 66150 | S14: =MAX(E14,F14,H14) -> 119070 | T14: =(Q14/P14)*100 -> 23.731756 | U14: =100-T14 -> 76.268244 | V14: =IF(U14>75,"ALTO","BAJO") -> ALTO | W14: =ROUND(AVERAGE(E14,H14),0) -> 115785 | X14: =STDEVP(E14,H14) -> 3285 | Y14: =MIN(E14,H14) -> 112500 | Z14: =MAX(E14,H14) -> 119070 | AA14: =(X14/W14)*100 -> 2.8371551 | AB14: =100-AA14 -> 97.162845 | AC14: =IF(AB14>75,"ALTO","BAJO") -> ALTO
A15: =A14+1 -> 12 | B15: =COTIZACIONES!B15 -> MARTILLO DE UÑA CARPINTERO EN ACERO MANGO ERGONÓMICO | C15: UNIDAD | D15: 1 | E15: =COTIZACIONES!E15 -> 210000 | F15: =COTIZACIONES!F15 -> 36750 | G15: =COTIZACIONES!G15 -> 85000 | H15: =COTIZACIONES!H15 -> 66150 | I15: =ROUND(AVERAGE(E15:H15),0) -> 99475 | J15: =STDEVP(E15:H15) -> 66087.598 | K15: =MIN(E15:H15) -> 36750 | L15: =MAX(E15:H15) -> 210000 | M15: =(J15/I15)*100 -> 66.436389 | N15: =100-M15 -> 33.563611 | O15: =IF(N15>75,"ALTO","BAJO") -> BAJO | P15: =ROUND(AVERAGE(E15,F15,H15),0) -> 104300 | Q15: =STDEVP(E15,F15,H15) -> 75698.778 | R15: =MIN(E15,F15,H15) -> 36750 | S15: =MAX(E15,F15,H15) -> 210000 | T15: =(Q15/P15)*100 -> 72.577927 | U15: =100-T15 -> 27.422073 | V15: =IF(U15>75,"ALTO","BAJO") -> BAJO | W15: =ROUND(AVERAGE(E15,H15),0) -> 138075 | X15: =STDEVP(E15,H15) -> 71925 | Y15: =MIN(E15,H15) -> 66150 | Z15: =MAX(E15,H15) -> 210000 | AA15: =(X15/W15)*100 -> 52.091255 | AB15: =100-AA15 -> 47.908745 | AC15: =IF(AB15>75,"ALTO","BAJO") -> BAJO
A16: =A15+1 -> 13 | B16: =COTIZACIONES!B16 -> NIVELADOR DE RINES (CENTRADOR) | C16: UNIDAD | D16: 1 | E16: =COTIZACIONES!E16 -> 1020000 | F16: =COTIZACIONES!F16 -> 323400 | G16: =COTIZACIONES!G16 -> 575000 | H16: =COTIZACIONES!H16 -> 582120 | I16: =ROUND(AVERAGE(E16:H16),0) -> 625130 | J16: =STDEVP(E16:H16) -> 250662.22 | K16: =MIN(E16:H16) -> 323400 | L16: =MAX(E16:H16) -> 1020000 | M16: =(J16/I16)*100 -> 40.097614 | N16: =100-M16 -> 59.902386 | O16: =IF(N16>75,"ALTO","BAJO") -> BAJO | P16: =ROUND(AVERAGE(E16,F16,H16),0) -> 641840 | Q16: =STDEVP(E16,F16,H16) -> 287503.91 | R16: =MIN(E16,F16,H16) -> 323400 | S16: =MAX(E16,F16,H16) -> 1020000 | T16: =(Q16/P16)*100 -> 44.793704 | U16: =100-T16 -> 55.206296 | V16: =IF(U16>75,"ALTO","BAJO") -> BAJO | W16: =ROUND(AVERAGE(E16,H16),0) -> 801060 | X16: =STDEVP(E16,H16) -> 218940 | Y16: =MIN(E16,H16) -> 582120 | Z16: =MAX(E16,H16) -> 1020000 | AA16: =(X16/W16)*100 -> 27.331286 | AB16: =100-AA16 -> 72.668714 | AC16: =IF(AB16>75,"ALTO","BAJO") -> BAJO
... A78: =A77+1 -> 75 | B78: =COTIZACIONES!B78 -> ESTANTERIA METALICA DESARMABLE | C78: UNIDAD | D78: 1 | E78: =COTIZACIONES!E78 -> 825000 | F78: =COTIZACIONES!F78 -> 264600 | G78: =COTIZACIONES!G78 -> 750000 | H78: =COTIZACIONES!H78 -> 476280 | I78: =ROUND(AVERAGE(E78:H78),0) -> 578970 | J78: =STDEVP(E78:H78) -> 223134.35 | K78: =MIN(E78:H78) -> 264600 | L78: =MAX(E78:H78) -> 825000 | M78: =(J78/I78)*100 -> 38.539881 | N78: =100-M78 -> 61.460119 | O78: =IF(N78>75,"ALTO","BAJO") -> BAJO | P78: =ROUND(AVERAGE(E78,F78,H78),0) -> 521960 | Q78: =STDEVP(E78,F78,H78) -> 231051.27 | R78: =MIN(E78,F78,H78) -> 264600 | S78: =MAX(E78,F78,H78) -> 825000 | T78: =(Q78/P78)*100 -> 44.266088 | U78: =100-T78 -> 55.733912 | V78: =IF(U78>75,"ALTO","BAJO") -> BAJO | W78: =ROUND(AVERAGE(E78,H78),0) -> 650640 | X78: =STDEVP(E78,H78) -> 174360 | Y78: =MIN(E78,H78) -> 476280 | Z78: =MAX(E78,H78) -> 825000 | AA78: =(X78/W78)*100 -> 26.798229 | AB78: =100-AA78 -> 73.201771 | AC78: =IF(AB78>75,"ALTO","BAJO") -> BAJO
E79: =SUM(E4:E78) -> 13684500 | F79: =SUM(F4:F78) -> 6300420 | G79: =SUM(G4:G78) -> 51825468 | H79: =SUM(H4:H78) -> 11340756 | I79: =SUM(I4:I78) -> 20787787 | J79: =STDEVP(E79:H79) -> 18117150 | K79: =MIN(E79:H79) -> 6300420 | L79: =MAX(E79:H79) -> 51825468 | M79: =(J79/I79)*100 -> 87.152857 | N79: =100-M79 -> 12.847143 | O79: =IF(N79>75,"ALTO","BAJO") -> BAJO | P79: =SUM(P4:P78) -> 10441892 | Q79: =STDEVP(E79,F79,H79) -> 3080814.5 | R79: =MIN(E79,F79,H79) -> 6300420 | S79: =MAX(E79,F79,H79) -> 13684500 | T79: =(Q79/P79)*100 -> 29.50437 | U79: =100-T79 -> 70.49563 | V79: =IF(U79>75,"ALTO","BAJO") -> BAJO | W79: =SUM(W4:W78) -> 12512628 | X79: =STDEVP(E79,H79) -> 1171872 | Y79: =MIN(E79,H79) -> 11340756 | Z79: =MAX(E79,H79) -> 13684500 | AA79: =(X79/W79)*100 -> 9.3655146 | AB79: =100-AA79 -> 90.634485 | AC79: =IF(AB79>75,"ALTO","BAJO") -> ALTO

Sheet MEDIANA
A1: “CONTRATAR EL SUMINISTRO DE ELEMENTOS, INSUMOS Y REPUESTOS REQUERIDOS PARA EL MANTENIMIENTO PREVENTIVO Y CORRECTIVO DE LAS BICICLETAS DE PROPIEDAD DE LA SECRETARÍA DISTRITAL DE MOVILIDAD” | I1: ESCENARIO 4 MEDIANA (4 COTIZACIONES) | P1: ESCENARIO 5 MEDIANA (ELIMINANDO COTIZACION MAS ALTA 3)
A2: 1. 0 SUMINISTRO | E2: COTIZACION No 1 | F2: COTIZACION No 2 | G2: COTIZACION No 3 | H2: COTIZACION No 4 | I2: MEDIANA UNITARIO | J2: DESVIACION ESTANDAR | K2: MINIMO | L2: SUPERIOR | M2: COEFICIENTE VARIACIÓN | N2: MARGEN CONFIABILIDAD | O2: NIVEL CONFIABILIDAD >75 | P2: MEDIANA UNITARIO | Q2: DESVIACION ESTANDAR | R2: MINIMO | S2: SUPERIOR | T2: COEFICIENTE VARIACIÓN | U2: MARGEN CONFIABILIDAD | V2: NIVEL CONFIABILIDAD >75
A3: ITEM | B3: DESCRIPCION | C3: UNIDAD DE MEDIDA | D3: CANTIDAD | E3: =COTIZACIONES!E3 -> VALOR UNITARIO IVA INCLUIDO | F3: =COTIZACIONES!F3 -> VALOR UNITARIO IVA INCLUIDO | G3: =COTIZACIONES!G3 -> VALOR UNITARIO IVA INCLUIDO | H3: =COTIZACIONES!H3 -> VALOR UNITARIO IVA INCLUIDO
A4: 1 | B4: =COTIZACIONES!B4 -> ESTACIÓN DE TRABAJO | C4: UNIDAD | D4: 1 | E4: =COTIZACIONES!E4 -> 1170000 | F4: =COTIZACIONES!F4 -> 367500 | G4: =COTIZACIONES!G4 -> 33667155 | H4: =COTIZACIONES!H4 -> 661500 | I4: =ROUND(MEDIAN(E4:H4),0) -> 915750 | J4: =STDEVP(E4:H4) -> 14263797 | K4: =MIN(E4:H4) -> 367500 | L4: =MAX(E4:H4) -> 33667155 | M4: =(J4/I4)*100 -> 1557.6082 | N4: =100-M4 -> -1457.6082 | O4: =IF(N4>75,"ALTO","BAJO") -> BAJO | P4: =ROUND(MEDIAN(E4,F4,H4),0) -> 661500 | Q4: =STDEVP(E4,F4,H4) -> 331497.36 | R4: =MIN(E4,F4,H4) -> 367500 | S4: =MAX(E4,F4,H4) -> 1170000 | T4: =(Q4/P4)*100 -> 50.11298 | U4: =100-T4 -> 49.88702 | V4: =IF(U4>75,"ALTO","BAJO") -> BAJO
A5: =A4+1 -> 2 | B5: =COTIZACIONES!B5 -> SOPORTE DE PARED/BANCO DE TRABAJO | C5: UNIDAD | D5: 1 | E5: =COTIZACIONES!E5 -> 405000 | F5: =COTIZACIONES!F5 -> 220500 | G5: =COTIZACIONES!G5 -> 1304878 | H5: =COTIZACIONES!H5 -> 396900 | I5: =ROUND(MEDIAN(E5:H5),0) -> 400950 | J5: =STDEVP(E5:H5) -> 423917.96 | K5: =MIN(E5:H5) -> 220500 | L5: =MAX(E5:H5) -> 1304878 | M5: =(J5/I5)*100 -> 105.72838 | N5: =100-M5 -> -5.728384 | O5: =IF(N5>75,"ALTO","BAJO") -> BAJO | P5: =ROUND(MEDIAN(E5,F5,H5),0) -> 396900 | Q5: =STDEVP(E5,F5,H5) -> 85129.196 | R5: =MIN(E5,F5,H5) -> 220500 | S5: =MAX(E5,F5,H5) -> 405000 | T5: =(Q5/P5)*100 -> 21.448525 | U5: =100-T5 -> 78.551475 | V5: =IF(U5>75,"ALTO","BAJO") -> ALTO
A6: =A5+1 -> 3 | B6: =COTIZACIONES!B6 -> ALICATES DE CADENA (PINZA PARA ESLABONES DE CADENA) | C6: UNIDAD | D6: 1 | E6: =COTIZACIONES!E6 -> 112500 | F6: =COTIZACIONES!F6 -> 51450 | G6: =COTIZACIONES!G6 -> 80000 | H6: =COTIZACIONES!H6 -> 92610 | I6: =ROUND(MEDIAN(E6:H6),0) -> 86305 | J6: =STDEVP(E6:H6) -> 22146.141 | K6: =MIN(E6:H6) -> 51450 | L6: =MAX(E6:H6) -> 112500 | M6: =(J6/I6)*100 -> 25.660322 | N6: =100-M6 -> 74.339678 | O6: =IF(N6>75,"ALTO","BAJO") -> BAJO | P6: =ROUND(MEDIAN(E6,F6,H6),0) -> 92610 | Q6: =STDEVP(E6,F6,H6) -> 25422.781 | R6: =MIN(E6,F6,H6) -> 51450 | S6: =MAX(E6,F6,H6) -> 112500 | T6: =(Q6/P6)*100 -> 27.451443 | U6: =100-T6 -> 72.548557 | V6: =IF(U6>75,"ALTO","BAJO") -> BAJO
A7: =A6+1 -> 4 | B7: =COTIZACIONES!B7 -> BOMBA / INFLADOR DE PISO CON MANOMETRO | C7: UNIDAD | D7: 1 | E7: =COTIZACIONES!E7 -> 285000 | F7: =COTIZACIONES!F7 -> 110250 | G7: =COTIZACIONES!G7 -> 193800 | H7: =COTIZACIONES!H7 -> 198450 | I7: =ROUND(MEDIAN(E7:H7),0) -> 196125 | J7: =STDEVP(E7:H7) -> 61809.875 | K7: =MIN(E7:H7) -> 110250 | L7: =MAX(E7:H7) -> 285000 | M7: =(J7/I7)*100 -> 31.515551 | N7: =100-M7 -> 68.484449 | O7: =IF(N7>75,"ALTO","BAJO") -> BAJO | P7: =ROUND(MEDIAN(E7,F7,H7),0) -> 198450 | Q7: =STDEVP(E7,F7,H7) -> 71342.449 | R7: =MIN(E7,F7,H7) -> 110250 | S7: =MAX(E7,F7,H7) -> 285000 | T7: =(Q7/P7)*100 -> 35.949836 | U7: =100-T7 -> 64.050164 | V7: =IF(U7>75,"ALTO","BAJO") -> BAJO
A8: =A7+1 -> 5 | B8: =COTIZACIONES!B8 -> CALIBRADOR DE ALINEACIÓN DE LA SUSPENSIÓN DEL DESVIADOR (COMPAS PARA ALINEAR LAS UÑAS DE LOS MARCOS) | C8: UNIDAD | D8: 1 | E8: =COTIZACIONES!E8 -> 525000 | F8: =COTIZACIONES!F8 -> 235200 | G8: =COTIZACIONES!G8 -> 371785 | H8: =COTIZACIONES!H8 -> 423360 | I8: =ROUND(MEDIAN(E8:H8),0) -> 397573 | J8: =STDEVP(E8:H8) -> 104435.74 | K8: =MIN(E8:H8) -> 235200 | L8: =MAX(E8:H8) -> 525000 | M8: =(J8/I8)*100 -> 26.268319 | N8: =100-M8 -> 73.731681 | O8: =IF(N8>75,"ALTO","BAJO") -> BAJO | P8: =ROUND(MEDIAN(E8,F8,H8),0) -> 423360 | Q8: =STDEVP(E8,F8,H8) -> 120055.04 | R8: =MIN(E8,F8,H8) -> 235200 | S8: =MAX(E8,F8,H8) -> 525000 | T8: =(Q8/P8)*100 -> 28.357672 | U8: =100-T8 -> 71.642328 | V8: =IF(U8>75,"ALTO","BAJO") -> BAJO
A9: =A8+1 -> 6 | B9: =COTIZACIONES!B9 -> COMPRESOR 24 LITROS | C9: UNIDAD | D9: 1 | E9: =COTIZACIONES!E9 -> 1170000 | F9: =COTIZACIONES!F9 -> 705600 | G9: =COTIZACIONES!G9 -> 1750000 | H9: =COTIZACIONES!H9 -> 1270080 | I9: =ROUND(MEDIAN(E9:H9),0) -> 1220040 | J9: =STDEVP(E9:H9) -> 370962.9 | K9: =MIN(E9:H9) -> 705600 | L9: =MAX(E9:H9) -> 1750000 | M9: =(J9/I9)*100 -> 30.405798 | N9: =100-M9 -> 69.594202 | O9: =IF(N9>75,"ALTO","BAJO") -> BAJO | P9: =ROUND(MEDIAN(E9,F9,H9),0) -> 1170000 | Q9: =STDEVP(E9,F9,H9) -> 245927.05 | R9: =MIN(E9,F9,H9) -> 705600 | S9: =MAX(E9,F9,H9) -> 1270080 | T9: =(Q9/P9)*100 -> 21.019406 | U9: =100-T9 -> 78.980594 | V9: =IF(U9>75,"ALTO","BAJO") -> ALTO
A10: =A9+1 -> 7 | B10: =COTIZACIONES!B10 -> HOMBRESOLO MEDIANO (10") | C10: UNIDAD | D10: 1 | E10: =COTIZACIONES!E10 -> 97500 | F10: =COTIZACIONES!F10 -> 36750 | G10: =COTIZACIONES!G10 -> 105000 | H10: =COTIZACIONES!H10 -> 66150 | I10: =ROUND(MEDIAN(E10:H10),0) -> 81825 | J10: =STDEVP(E10:H10) -> 27112.474 | K10: =MIN(E10:H10) -> 36750 | L10: =MAX(E10:H10) -> 105000 | M10: =(J10/I10)*100 -> 33.134707 | N10: =100-M10 -> 66.865293 | O10: =IF(N10>75,"ALTO","BAJO") -> BAJO | P10: =ROUND(MEDIAN(E10,F10,H10),0) -> 66150 | Q10: =STDEVP(E10,F10,H10) -> 24805.342 | R10: =MIN(E10,F10,H10) -> 36750 | S10: =MAX(E10,F10,H10) -> 97500 | T10: =(Q10/P10)*100 -> 37.498628 | U10: =100-T10 -> 62.501372 | V10: =IF(U10>75,"ALTO","BAJO") -> BAJO
A11: =A10+1 -> 8 | B11: =COTIZACIONES!B11 -> INSTALADOR DE ARAÑAS DE DIRECCIÓN | C11: UNIDAD | D11: 1 | E11: =COTIZACIONES!E11 -> 180000 | F11: =COTIZACIONES!F11 -> 80850 | G11: =COTIZACIONES!G11 -> 163000 | H11: =COTIZACIONES!H11 -> 145530 | I11: =ROUND(MEDIAN(E11:H11),0) -> 154265 | J11: =STDEVP(E11:H11) -> 37537.672 | K11: =MIN(E11:H11) -> 80850 | L11: =MAX(E11:H11) -> 180000 | M11: =(J11/I11)*100 -> 24.33324 | N11: =100-M11 -> 75.66676 | O11: =IF(N11>75,"ALTO","BAJO") -> ALTO | P11: =ROUND(MEDIAN(E11,F11,H11),0) -> 145530 | Q11: =STDEVP(E11,F11,H11) -> 41099.345 | R11: =MIN(E11,F11,H11) -> 80850 | S11: =MAX(E11,F11,H11) -> 180000 | T11: =(Q11/P11)*100 -> 28.24115 | U11: =100-T11 -> 71.75885 | V11: =IF(U11>75,"ALTO","BAJO") -> BAJO
A12: =A11+1 -> 9 | B12: =COTIZACIONES!B12 -> JUEGO DE COPAS PARA TALLER EN ACERO DE 3/8, HEXAGONALES Y TIPO TORX | C12: UNIDAD | D12: 1 | E12: =COTIZACIONES!E12 -> 345000 | F12: =COTIZACIONES!F12 -> 205800 | G12: =COTIZACIONES!G12 -> 1082500 | H12: =COTIZACIONES!H12 -> 370440 | I12: =ROUND(MEDIAN(E12:H12),0) -> 357720 | J12: =STDEVP(E12:H12) -> 341565.22 | K12: =MIN(E12:H12) -> 205800 | L12: =MAX(E12:H12) -> 1082500 | M12: =(J12/I12)*100 -> 95.483958 | N12: =100-M12 -> 4.5160416 | O12: =IF(N12>75,"ALTO","BAJO") -> BAJO | P12: =ROUND(MEDIAN(E12,F12,H12),0) -> 345000 | Q12: =STDEVP(E12,F12,H12) -> 72364.942 | R12: =MIN(E12,F12,H12) -> 205800 | S12: =MAX(E12,F12,H12) -> 370440 | T12: =(Q12/P12)*100 -> 20.975345 | U12: =100-T12 -> 79.024655 | V12: =IF(U12>75,"ALTO","BAJO") -> ALTO
A13: =A12+1 -> 10 | B13: =COTIZACIONES!B13 -> JUEGO DE LLAVES ALLEN EN FORMA DE L Y EXTREMO DE BOLA. | C13: UNIDAD | D13: 1 | E13: =COTIZACIONES!E13 -> 102000 | F13: =COTIZACIONES!F13 -> 66150 | G13: =COTIZACIONES!G13 -> 105000 | H13: =COTIZACIONES!H13 -> 119070 | I13: =ROUND(MEDIAN(E13:H13),0) -> 103500 | J13: =STDEVP(E13:H13) -> 19515.092 | K13: =MIN(E13:H13) -> 66150 | L13: =MAX(E13:H13) -> 119070 | M13: =(J13/I13)*100 -> 18.855162 | N13: =100-M13 -> 81.144838 | O13: =IF(N13>75,"ALTO","BAJO") -> ALTO | P13: =ROUND(MEDIAN(E13,F13,H13),0) -> 102000 | Q13: =STDEVP(E13,F13,H13) -> 22053.304 | R13: =MIN(E13,F13,H13) -> 66150 | S13: =MAX(E13,F13,H13) -> 119070 | T13: =(Q13/P13)*100 -> 21.620886 | U13: =100-T13 -> 78.379114 | V13: =IF(U13>75,"ALTO","BAJO") -> ALTO
A14: =A13+1 -> 11 | B14: =COTIZACIONES!B14 -> JUEGO DE LLAVES TORX | C14: UNIDAD | D14: 1 | E14: =COTIZACIONES!E14 -> 112500 | F14: =COTIZACIONES!F14 -> 66150 | G14: =COTIZACIONES!G14 -> 150000 | H14: =COTIZACIONES!H14 -> 119070 | I14: =ROUND(MEDIAN(E14:H14),0) -> 115785 | J14: =STDEVP(E14:H14) -> 29985.154 | K14: =MIN(E14:H14) -> 66150 | L14: =MAX(E14:H14) -> 150000 | M14: =(J14/I14)*100 -> 25.89727 | N14: =100-M14 -> 74.10273 | O14: =IF(N14>75,"ALTO","BAJO") -> BAJO | P14: =ROUND(MEDIAN(E14,F14,H14),0) -> 112500 | Q14: =STDEVP(E14,F14,H14) -> 23551.395 | R14: =MIN(E14,F14,H14) -> 66150 | S14: =MAX(E14,F14,H14) -> 119070 | T14: =(Q14/P14)*100 -> 20.934573 | U14: =100-T14 -> 79.065427 | V14: =IF(U14>75,"ALTO","BAJO") -> ALTO
A15: =A14+1 -> 12 | B15: =COTIZACIONES!B15 -> MARTILLO DE UÑA CARPINTERO EN ACERO MANGO ERGONÓMICO | C15: UNIDAD | D15: 1 | E15: =COTIZACIONES!E15 -> 210000 | F15: =COTIZACIONES!F15 -> 36750 | G15: =COTIZACIONES!G15 -> 85000 | H15: =COTIZACIONES!H15 -> 66150 | I15: =ROUND(MEDIAN(E15:H15),0) -> 75575 | J15: =STDEVP(E15:H15) -> 66087.598 | K15: =MIN(E15:H15) -> 36750 | L15: =MAX(E15:H15) -> 210000 | M15: =(J15/I15)*100 -> 87.446375 | N15: =100-M15 -> 12.553625 | O15: =IF(N15>75,"ALTO","BAJO") -> BAJO | P15: =ROUND(MEDIAN(E15,F15,H15),0) -> 66150 | Q15: =STDEVP(E15,F15,H15) -> 75698.778 | R15: =MIN(E15,F15,H15) -> 36750 | S15: =MAX(E15,F15,H15) -> 210000 | T15: =(Q15/P15)*100 -> 114.43504 | U15: =100-T15 -> -14.435039 | V15: =IF(U15>75,"ALTO","BAJO") -> BAJO
A16: =A15+1 -> 13 | B16: =COTIZACIONES!B16 -> NIVELADOR DE RINES (CENTRADOR) | C16: UNIDAD | D16: 1 | E16: =COTIZACIONES!E16 -> 1020000 | F16: =COTIZACIONES!F16 -> 323400 | G16: =COTIZACIONES!G16 -> 575000 | H16: =COTIZACIONES!H16 -> 582120 | I16: =ROUND(MEDIAN(E16:H16),0) -> 578560 | J16: =STDEVP(E16:H16) -> 250662.22 | K16: =MIN(E16:H16) -> 323400 | L16: =MAX(E16:H16) -> 1020000 | M16: =(J16/I16)*100 -> 43.325189 | N16: =100-M16 -> 56.674811 | O16: =IF(N16>75,"ALTO","BAJO") -> BAJO | P16: =ROUND(MEDIAN(E16,F16,H16),0) -> 582120 | Q16: =STDEVP(E16,F16,H16) -> 287503.91 | R16: =MIN(E16,F16,H16) -> 323400 | S16: =MAX(E16,F16,H16) -> 1020000 | T16: =(Q16/P16)*100 -> 49.389114 | U16: =100-T16 -> 50.610886 | V16: =IF(U16>75,"ALTO","BAJO") -> BAJO
... A78: =A77+1 -> 75 | B78: =COTIZACIONES!B78 -> ESTANTERIA METALICA DESARMABLE | C78: UNIDAD | D78: 1 | E78: =COTIZACIONES!E78 -> 825000 | F78: =COTIZACIONES!F78 -> 264600 | G78: =COTIZACIONES!G78 -> 750000 | H78: =COTIZACIONES!H78 -> 476280 | I78: =ROUND(MEDIAN(E78:H78),0) -> 613140 | J78: =STDEVP(E78:H78) -> 223134.35 | K78: =MIN(E78:H78) -> 264600 | L78: =MAX(E78:H78) -> 825000 | M78: =(J78/I78)*100 -> 36.392072 | N78: =100-M78 -> 63.607928 | O78: =IF(N78>75,"ALTO","BAJO") -> BAJO | P78: =ROUND(MEDIAN(E78,F78,H78),0) -> 476280 | Q78: =STDEVP(E78,F78,H78) -> 231051.27 | R78: =MIN(E78,F78,H78) -> 264600 | S78: =MAX(E78,F78,H78) -> 825000 | T78: =(Q78/P78)*100 -> 48.511647 | U78: =100-T78 -> 51.488353 | V78: =IF(U78>75,"ALTO","BAJO") -> BAJO
E79: =SUM(E4:E78) -> 13684500 | F79: =SUM(F4:F78) -> 6300420 | G79: =SUM(G4:G78) -> 51825468 | H79: =SUM(H4:H78) -> 11340756 | I79: =SUM(I4:I78) -> 11098504 | J79: =STDEVP(E79:H79) -> 18117150 | K79: =MIN(E79:H79) -> 6300420 | L79: =MAX(E79:H79) -> 51825468 | M79: =(J79/I79)*100 -> 163.23957 | N79: =100-M79 -> -63.23957 | O79: =IF(N79>75,"ALTO","BAJO") -> BAJO | P79: =SUM(P4:P78) -> 9891924 | Q79: =STDEVP(E79,F79,H79) -> 3080814.5 | R79: =MIN(E79,F79,H79) -> 6300420 | S79: =MAX(E79,F79,H79) -> 13684500 | T79: =(Q79/P79)*100 -> 31.144745 | U79: =100-T79 -> 68.855255 | V79: =IF(U79>75,"ALTO","BAJO") -> BAJO

Sheet MEDIA GEOMETRICA
A1: “CONTRATAR EL SUMINISTRO DE ELEMENTOS, INSUMOS Y REPUESTOS REQUERIDOS PARA EL MANTENIMIENTO PREVENTIVO Y CORRECTIVO DE LAS BICICLETAS DE PROPIEDAD DE LA SECRETARÍA DISTRITAL DE MOVILIDAD” | I1: ESCENARIO 6 MEDIA GEOMETRICA (4 COTIZACIONES) | P1: ESCENARIO 7 MEDIA GEOMETRICA (ELIMINANDO COTIZACION MAS ALTA 3) | W1: ESCENARIO 8 MEDIA GEOMETRICA (ELIMINANDO COTIZACION MAS ALTA 3 Y MAS BAJA 2)
A2: 1. 0 SUMINISTRO | E2: COTIZACION No 1 | F2: COTIZACION No 2 | G2: COTIZACION No 3 | H2: COTIZACION No 4 | I2: MEDIA GEOMETRICA UNITARIO | J2: DESVIACION ESTANDAR | K2: MINIMO | L2: SUPERIOR | M2: COEFICIENTE VARIACIÓN | N2: MARGEN CONFIABILIDAD | O2: NIVEL CONFIABILIDAD >75 | P2: MEDIA GEOMETRICA UNITARIO | Q2: DESVIACION ESTANDAR | R2: MINIMO | S2: SUPERIOR | T2: COEFICIENTE VARIACIÓN | U2: MARGEN CONFIABILIDAD | V2: NIVEL CONFIABILIDAD >75 | W2: MEDIA GEOMETRICA UNITARIO | X2: DESVIACION ESTANDAR | Y2: MINIMO | Z2: SUPERIOR | AA2: COEFICIENTE VARIACIÓN | AB2: MARGEN CONFIABILIDAD | AC2: NIVEL CONFIABILIDAD >75
A3: ITEM | B3: DESCRIPCION | C3: UNIDAD DE MEDIDA | D3: CANTIDAD | E3: VALOR UNITARIO IVA INCLUIDO | F3: VALOR UNITARIO IVA INCLUIDO | G3: VALOR UNITARIO IVA INCLUIDO | H3: VALOR UNITARIO IVA INCLUIDO
A4: 1 | B4: =COTIZACIONES!B4 -> ESTACIÓN DE TRABAJO | C4: UNIDAD | D4: 1 | E4: =COTIZACIONES!E4 -> 1170000 | F4: =COTIZACIONES!F4 -> 367500 | G4: =COTIZACIONES!G4 -> 33667155 | H4: =COTIZACIONES!H4 -> 661500 | I4: =ROUND(GEOMEAN(E4:H4),0) -> 1759118 | J4: =STDEVP(E4:H4) -> 14263797 | K4: =MIN(E4:H4) -> 367500 | L4: =MAX(E4:H4) -> 33667155 | M4: =(J4/I4)*100 -> 810.84935 | N4: =100-M4 -> -710.84935 | O4: =IF(N4>75,"ALTO","BAJO") -> BAJO | P4: =ROUND(GEOMEAN(E4,F4,H4),0) -> 657644 | Q4: =STDEVP(E4,F4,H4) -> 331497.36 | R4: =MIN(E4,F4,H4) -> 367500 | S4: =MAX(E4,F4,H4) -> 1170000 | T4: =(Q4/P4)*100 -> 50.40681 | U4: =100-T4 -> 49.59319 | V4: =IF(U4>75,"ALTO","BAJO") -> BAJO | W4: =ROUND(GEOMEAN(E4,H4),0) -> 879747 | X4: =STDEVP(E4,H4) -> 254250 | Y4: =MIN(E4,H4) -> 661500 | Z4: =MAX(E4,H4) -> 1170000 | AA4: =(X4/W4)*100 -> 28.900354 | AB4: =100-AA4 -> 71.099646 | AC4: =IF(AB4>75,"ALTO","BAJO") -> BAJO
A5: =A4+1 -> 2 | B5: =COTIZACIONES!B5 -> SOPORTE DE PARED/BANCO DE TRABAJO | C5: UNIDAD | D5: 1 | E5: =COTIZACIONES!E5 -> 405000 | F5: =COTIZACIONES!F5 -> 220500 | G5: =COTIZACIONES!G5 -> 1304878 | H5: =COTIZACIONES!H5 -> 396900 | I5: =ROUND(GEOMEAN(E5:H5),0) -> 463744 | J5: =STDEVP(E5:H5) -> 423917.96 | K5: =MIN(E5:H5) -> 220500 | L5: =MAX(E5:H5) -> 1304878 | M5: =(J5/I5)*100 -> 91.412063 | N5: =100-M5 -> 8.5879374 | O5: =IF(N5>75,"ALTO","BAJO") -> BAJO | P5: =ROUND(GEOMEAN(E5,F5,H5),0) -> 328485 | Q5: =STDEVP(E5,F5,H5) -> 85129.196 | R5: =MIN(E5,F5,H5) -> 220500 | S5: =MAX(E5,F5,H5) -> 405000 | T5: =(Q5/P5)*100 -> 25.915703 | U5: =100-T5 -> 74.084297 | V5: =IF(U5>75,"ALTO","BAJO") -> BAJO | W5: =ROUND(GEOMEAN(E5,H5),0) -> 400930 | X5: =STDEVP(E5,H5) -> 4050 | Y5: =MIN(E5,H5) -> 396900 | Z5: =MAX(E5,H5) -> 405000 | AA5: =(X5/W5)*100 -> 1.0101514 | AB5: =100-AA5 -> 98.989849 | AC5: =IF(AB5>75,"ALTO","BAJO") -> ALTO
A6: =A5+1 -> 3 | B6: =COTIZACIONES!B6 -> ALICATES DE CADENA (PINZA PARA ESLABONES DE CADENA) | C6: UNIDAD | D6: 1 | E6: =COTIZACIONES!E6 -> 112500 | F6: =COTIZACIONES!F6 -> 51450 | G6: =COTIZACIONES!G6 -> 80000 | H6: =COTIZACIONES!H6 -> 92610 | I6: =ROUND(GEOMEAN(E6:H6),0) -> 80923 | J6: =STDEVP(E6:H6) -> 22146.141 | K6: =MIN(E6:H6) -> 51450 | L6: =MAX(E6:H6) -> 112500 | M6: =(J6/I6)*100 -> 27.36693 | N6: =100-M6 -> 72.63307 | O6: =IF(N6>75,"ALTO","BAJO") -> BAJO | P6: =ROUND(GEOMEAN(E6,F6,H6),0) -> 81233 | Q6: =STDEVP(E6,F6,H6) -> 25422.781 | R6: =MIN(E6,F6,H6) -> 51450 | S6: =MAX(E6,F6,H6) -> 112500 | T6: =(Q6/P6)*100 -> 31.296125 | U6: =100-T6 -> 68.703875 | V6: =IF(U6>75,"ALTO","BAJO") -> BAJO | W6: =ROUND(GEOMEAN(E6,H6),0) -> 102072 | X6: =STDEVP(E6,H6) -> 9945 | Y6: =MIN(E6,H6) -> 92610 | Z6: =MAX(E6,H6) -> 112500 | AA6: =(X6/W6)*100 -> 9.7431225 | AB6: =100-AA6 -> 90.256878 | AC6: =IF(AB6>75,"ALTO","BAJO") -> ALTO
A7: =A6+1 -> 4 | B7: =COTIZACIONES!B7 -> BOMBA / INFLADOR DE PISO CON MANOMETRO | C7: UNIDAD | D7: 1 | E7: =COTIZACIONES!E7 -> 285000 | F7: =COTIZACIONES!F7 -> 110250 | G7: =COTIZACIONES!G7 -> 193800 | H7: =COTIZACIONES!H7 -> 198450 | I7: =ROUND(GEOMEAN(E7:H7),0) -> 186448 | J7: =STDEVP(E7:H7) -> 61809.875 | K7: =MIN(E7:H7) -> 110250 | L7: =MAX(E7:H7) -> 285000 | M7: =(J7/I7)*100 -> 33.151267 | N7: =100-M7 -> 66.848733 | O7: =IF(N7>75,"ALTO","BAJO") -> BAJO | P7: =ROUND(GEOMEAN(E7,F7,H7),0) -> 184059 | Q7: =STDEVP(E7,F7,H7) -> 71342.449 | R7: =MIN(E7,F7,H7) -> 110250 | S7: =MAX(E7,F7,H7) -> 285000 | T7: =(Q7/P7)*100 -> 38.760641 | U7: =100-T7 -> 61.239359 | V7: =IF(U7>75,"ALTO","BAJO") -> BAJO | W7: =ROUND(GEOMEAN(E7,H7),0) -> 237820 | X7: =STDEVP(E7,H7) -> 43275 | Y7: =MIN(E7,H7) -> 198450 | Z7: =MAX(E7,H7) -> 285000 | AA7: =(X7/W7)*100 -> 18.196535 | AB7: =100-AA7 -> 81.803465 | AC7: =IF(AB7>75,"ALTO","BAJO") -> ALTO
A8: =A7+1 -> 5 | B8: =COTIZACIONES!B8 -> CALIBRADOR DE ALINEACIÓN DE LA SUSPENSIÓN DEL DESVIADOR (COMPAS PARA ALINEAR LAS UÑAS DE LOS MARCOS) | C8: UNIDAD | D8: 1 | E8: =COTIZACIONES!E8 -> 525000 | F8: =COTIZACIONES!F8 -> 235200 | G8: =COTIZACIONES!G8 -> 371785 | H8: =COTIZACIONES!H8 -> 423360 | I8: =ROUND(GEOMEAN(E8:H8),0) -> 373379 | J8: =STDEVP(E8:H8) -> 104435.74 | K8: =MIN(E8:H8) -> 235200 | L8: =MAX(E8:H8) -> 525000 | M8: =(J8/I8)*100 -> 27.970439 | N8: =100-M8 -> 72.029561 | O8: =IF(N8>75,"ALTO","BAJO") -> BAJO | P8: =ROUND(GEOMEAN(E8,F8,H8),0) -> 373911 | Q8: =STDEVP(E8,F8,H8) -> 120055.04 | R8: =MIN(E8,F8,H8) -> 235200 | S8: =MAX(E8,F8,H8) -> 525000 | T8: =(Q8/P8)*100 -> 32.107919 | U8: =100-T8 -> 67.892081 | V8: =IF(U8>75,"ALTO","BAJO") -> BAJO | W8: =ROUND(GEOMEAN(E8,H8),0) -> 471449 | X8: =STDEVP(E8,H8) -> 50820 | Y8: =MIN(E8,H8) -> 423360 | Z8: =MAX(E8,H8) -> 525000 | AA8: =(X8/W8)*100 -> 10.779533 | AB8: =100-AA8 -> 89.220467 | AC8: =IF(AB8>75,"ALTO","BAJO") -> ALTO
A9: =A8+1 -> 6 | B9: =COTIZACIONES!B9 -> COMPRESOR 24 LITROS | C9: UNIDAD | D9: 1 | E9: =COTIZACIONES!E9 -> 1170000 | F9: =COTIZACIONES!F9 -> 705600 | G9: =COTIZACIONES!G9 -> 1750000 | H9: =COTIZACIONES!H9 -> 1270080 | I9: =ROUND(GEOMEAN(E9:H9),0) -> 1163867 | J9: =STDEVP(E9:H9) -> 370962.9 | K9: =MIN(E9:H9) -> 705600 | L9: =MAX(E9:H9) -> 1750000 | M9: =(J9/I9)*100 -> 31.873307 | N9: =100-M9 -> 68.126693 | O9: =IF(N9>75,"ALTO","BAJO") -> BAJO | P9: =ROUND(GEOMEAN(E9,F9,H9),0) -> 1015918 | Q9: =STDEVP(E9,F9,H9) -> 245927.05 | R9: =MIN(E9,F9,H9) -> 705600 | S9: =MAX(E9,F9,H9) -> 1270080 | T9: =(Q9/P9)*100 -> 24.207372 | U9: =100-T9 -> 75.792628 | V9: =IF(U9>75,"ALTO","BAJO") -> ALTO | W9: =ROUND(GEOMEAN(E9,H9),0) -> 1219013 | X9: =STDEVP(E9,H9) -> 50040 | Y9: =MIN(E9,H9) -> 1170000 | Z9: =MAX(E9,H9) -> 1270080 | AA9: =(X9/W9)*100 -> 4.1049603 | AB9: =100-AA9 -> 95.89504 | AC9: =IF(AB9>75,"ALTO","BAJO") -> ALTO
A10: =A9+1 -> 7 | B10: =COTIZACIONES!B10 -> HOMBRESOLO MEDIANO (10") | C10: UNIDAD | D10: 1 | E10: =COTIZACIONES!E10 -> 97500 | F10: =COTIZACIONES!F10 -> 36750 | G10: =COTIZACIONES!G10 -> 105000 | H10: =COTIZACIONES!H10 -> 66150 | I10: =ROUND(GEOMEAN(E10:H10),0) -> 70631 | J10: =STDEVP(E10:H10) -> 27112.474 | K10: =MIN(E10:H10) -> 36750 | L10: =MAX(E10:H10) -> 105000 | M10: =(J10/I10)*100 -> 38.386083 | N10: =100-M10 -> 61.613917 | O10: =IF(N10>75,"ALTO","BAJO") -> BAJO | P10: =ROUND(GEOMEAN(E10,F10,H10),0) -> 61887 | Q10: =STDEVP(E10,F10,H10) -> 24805.342 | R10: =MIN(E10,F10,H10) -> 36750 | S10: =MAX(E10,F10,H10) -> 97500 | T10: =(Q10/P10)*100 -> 40.081668 | U10: =100-T10 -> 59.918332 | V10: =IF(U10>75,"ALTO","BAJO") -> BAJO | W10: =ROUND(GEOMEAN(E10,H10),0) -> 80310 | X10: =STDEVP(E10,H10) -> 15675 | Y10: =MIN(E10,H10) -> 66150 | Z10: =MAX(E10,H10) -> 97500 | AA10: =(X10/W10)*100 -> 19.518117 | AB10: =100-AA10 -> 80.481883 | AC10: =IF(AB10>75,"ALTO","BAJO") -> ALTO
A11: =A10+1 -> 8 | B11: =COTIZACIONES!B11 -> INSTALADOR DE ARAÑAS DE DIRECCIÓN | C11: UNIDAD | D11: 1 | E11: =COTIZACIONES!E11 -> 180000 | F11: =COTIZACIONES!F11 -> 80850 | G11: =COTIZACIONES!G11 -> 163000 | H11: =COTIZACIONES!H11 -> 145530 | I11: =ROUND(GEOMEAN(E11:H11),0) -> 136309 | J11: =STDEVP(E11:H11) -> 37537.672 | K11: =MIN(E11:H11) -> 80850 | L11: =MAX(E11:H11) -> 180000 | M11: =(J11/I11)*100 -> 27.53866 | N11: =100-M11 -> 72.46134 | O11: =IF(N11>75,"ALTO","BAJO") -> BAJO | P11: =ROUND(GEOMEAN(E11,F11,H11),0) -> 128421 | Q11: =STDEVP(E11,F11,H11) -> 41099.345 | R11: =MIN(E11,F11,H11) -> 80850 | S11: =MAX(E11,F11,H11) -> 180000 | T11: =(Q11/P11)*100 -> 32.003602 | U11: =100-T11 -> 67.996398 | V11: =IF(U11>75,"ALTO","BAJO") -> BAJO | W11: =ROUND(GEOMEAN(E11,H11),0) -> 161850 | X11: =STDEVP(E11,H11) -> 17235 | Y11: =MIN(E11,H11) -> 145530 | Z11: =MAX(E11,H11) -> 180000 | AA11: =(X11/W11)*100 -> 10.648749 | AB11: =100-AA11 -> 89.351251 | AC11: =IF(AB11>75,"ALTO","BAJO") -> ALTO
A12: =A11+1 -> 9 | B12: =COTIZACIONES!B12 -> JUEGO DE COPAS PARA TALLER EN ACERO DE 3/8, HEXAGONALES Y TIPO TORX | C12: UNIDAD | D12: 1 | E12: =COTIZACIONES!E12 -> 345000 | F12: =COTIZACIONES!F12 -> 205800 | G12: =COTIZACIONES!G12 -> 1082500 | H12: =COTIZACIONES!H12 -> 370440 | I12: =ROUND(GEOMEAN(E12:H12),0) -> 410774 | J12: =STDEVP(E12:H12) -> 341565.22 | K12: =MIN(E12:H12) -> 205800 | L12: =MAX(E12:H12) -> 1082500 | M12: =(J12/I12)*100 -> 83.151615 | N12: =100-M12 -> 16.848385 | O12: =IF(N12>75,"ALTO","BAJO") -> BAJO | P12: =ROUND(GEOMEAN(E12,F12,H12),0) -> 297391 | Q12: =STDEVP(E12,F12,H12) -> 72364.942 | R12: =MIN(E12,F12,H12) -> 205800 | S12: =MAX(E12,F12,H12) -> 370440 | T12: =(Q12/P12)*100 -> 24.333266 | U12: =100-T12 -> 75.666734 | V12: =IF(U12>75,"ALTO","BAJO") -> ALTO | W12: =ROUND(GEOMEAN(E12,H12),0) -> 357494 | X12: =STDEVP(E12,H12) -> 12720 | Y12: =MIN(E12,H12) -> 345000 | Z12: =MAX(E12,H12) -> 370440 | AA12: =(X12/W12)*100 -> 3.5581017 | AB12: =100-AA12 -> 96.441898 | AC12: =IF(AB12>75,"ALTO","BAJO") -> ALTO
A13: =A12+1 -> 10 | B13: =COTIZACIONES!B13 -> JUEGO DE LLAVES ALLEN EN FORMA DE L Y EXTREMO DE BOLA. | C13: UNIDAD | D13: 1 | E13: =COTIZACIONES!E13 -> 102000 | F13: =COTIZACIONES!F13 -> 66150 | G13: =COTIZACIONES!G13 -> 105000 | H13: =COTIZACIONES!H13 -> 119070 | I13: =ROUND(GEOMEAN(E13:H13),0) -> 95836 | J13: =STDEVP(E13:H13) -> 19515.092 | K13: =MIN(E13:H13) -> 66150 | L13: =MAX(E13:H13) -> 119070 | M13: =(J13/I13)*100 -> 20.363008 | N13: =100-M13 -> 79.636992 | O13: =IF(N13>75,"ALTO","BAJO") -> ALTO | P13: =ROUND(GEOMEAN(E13,F13,H13),0) -> 92963 | Q13: =STDEVP(E13,F13,H13) -> 22053.304 | R13: =MIN(E13,F13,H13) -> 66150 | S13: =MAX(E13,F13,H13) -> 119070 | T13: =(Q13/P13)*100 -> 23.722668 | U13: =100-T13 -> 76.277332 | V13: =IF(U13>75,"ALTO","BAJO") -> ALTO | W13: =ROUND(GEOMEAN(E13,H13),0) -> 110205 | X13: =STDEVP(E13,H13) -> 8535 | Y13: =MIN(E13,H13) -> 102000 | Z13: =MAX(E13,H13) -> 119070 | AA13: =(X13/W13)*100 -> 7.7446577 | AB13: =100-AA13 -> 92.255342 | AC13: =IF(AB13>75,"ALTO","BAJO") -> ALTO
A14: =A13+1 -> 11 | B14: =COTIZACIONES!B14 -> JUEGO DE LLAVES TORX | C14: UNIDAD | D14: 1 | E14: =COTIZACIONES!E14 -> 112500 | F14: =COTIZACIONES!F14 -> 66150 | G14: =COTIZACIONES!G14 -> 150000 | H14: =COTIZACIONES!H14 -> 119070 | I14: =ROUND(GEOMEAN(E14:H14),0) -> 107373 | J14: =STDEVP(E14:H14) -> 29985.154 | K14: =MIN(E14:H14) -> 66150 | L14: =MAX(E14:H14) -> 150000 | M14: =(J14/I14)*100 -> 27.926158 | N14: =100-M14 -> 72.073842 | O14: =IF(N14>75,"ALTO","BAJO") -> BAJO | P14: =ROUND(GEOMEAN(E14,F14,H14),0) -> 96049 | Q14: =STDEVP(E14,F14,H14) -> 23551.395 | R14: =MIN(E14,F14,H14) -> 66150 | S14: =MAX(E14,F14,H14) -> 119070 | T14: =(Q14/P14)*100 -> 24.520187 | U14: =100-T14 -> 75.479813 | V14: =IF(U14>75,"ALTO","BAJO") -> ALTO | W14: =ROUND(GEOMEAN(E14,H14),0) -> 115738 | X14: =STDEVP(E14,H14) -> 3285 | Y14: =MIN(E14,H14) -> 112500 | Z14: =MAX(E14,H14) -> 119070 | AA14: =(X14/W14)*100 -> 2.8383072 | AB14: =100-AA14 -> 97.161693 | AC14: =IF(AB14>75,"ALTO","BAJO") -> ALTO
A15: =A14+1 -> 12 | B15: =COTIZACIONES!B15 -> MARTILLO DE UÑA CARPINTERO EN ACERO MANGO ERGONÓMICO | C15: UNIDAD | D15: 1 | E15: =COTIZACIONES!E15 -> 210000 | F15: =COTIZACIONES!F15 -> 36750 | G15: =COTIZACIONES!G15 -> 85000 | H15: =COTIZACIONES!H15 -> 66150 | I15: =ROUND(GEOMEAN(E15:H15),0) -> 81163 | J15: =STDEVP(E15:H15) -> 66087.598 | K15: =MIN(E15:H15) -> 36750 | L15: =MAX(E15:H15) -> 210000 | M15: =(J15/I15)*100 -> 81.425771 | N15: =100-M15 -> 18.574229 | O15: =IF(N15>75,"ALTO","BAJO") -> BAJO | P15: =ROUND(GEOMEAN(E15,F15,H15),0) -> 79922 | Q15: =STDEVP(E15,F15,H15) -> 75698.778 | R15: =MIN(E15,F15,H15) -> 36750 | S15: =MAX(E15,F15,H15) -> 210000 | T15: =(Q15/P15)*100 -> 94.715821 | U15: =100-T15 -> 5.2841795 | V15: =IF(U15>75,"ALTO","BAJO") -> BAJO | W15: =ROUND(GEOMEAN(E15,H15),0) -> 117862 | X15: =STDEVP(E15,H15) -> 71925 | Y15: =MIN(E15,H15) -> 66150 | Z15: =MAX(E15,H15) -> 210000 | AA15: =(X15/W15)*100 -> 61.024758 | AB15: =100-AA15 -> 38.975242 | AC15: =IF(AB15>75,"ALTO","BAJO") -> BAJO
A16: =A15+1 -> 13 | B16: =COTIZACIONES!B16 -> NIVELADOR DE RINES (CENTRADOR) | C16: UNIDAD | D16: 1 | E16: =COTIZACIONES!E16 -> 1020000 | F16: =COTIZACIONES!F16 -> 323400 | G16: =COTIZACIONES!G16 -> 575000 | H16: =COTIZACIONES!H16 -> 582120 | I16: =ROUND(GEOMEAN(E16:H16),0) -> 576441 | J16: =STDEVP(E16:H16) -> 250662.22 | K16: =MIN(E16:H16) -> 323400 | L16: =MAX(E16:H16) -> 1020000 | M16: =(J16/I16)*100 -> 43.484453 | N16: =100-M16 -> 56.515547 | O16: =IF(N16>75,"ALTO","BAJO") -> BAJO | P16: =ROUND(GEOMEAN(E16,F16,H16),0) -> 576923 | Q16: =STDEVP(E16,F16,H16) -> 287503.91 | R16: =MIN(E16,F16,H16) -> 323400 | S16: =MAX(E16,F16,H16) -> 1020000 | T16: =(Q16/P16)*100 -> 49.834018 | U16: =100-T16 -> 50.165982 | V16: =IF(U16>75,"ALTO","BAJO") -> BAJO | W16: =ROUND(GEOMEAN(E16,H16),0) -> 770560 | X16: =STDEVP(E16,H16) -> 218940 | Y16: =MIN(E16,H16) -> 582120 | Z16: =MAX(E16,H16) -> 1020000 | AA16: =(X16/W16)*100 -> 28.413102 | AB16: =100-AA16 -> 71.586898 | AC16: =IF(AB16>75,"ALTO","BAJO") -> BAJO
... A78: =A77+1 -> 75 | B78: =COTIZACIONES!B78 -> ESTANTERIA METALICA DESARMABLE | C78: UNIDAD | D78: 1 | E78: =COTIZACIONES!E78 -> 825000 | F78: =COTIZACIONES!F78 -> 264600 | G78: =COTIZACIONES!G78 -> 750000 | H78: =COTIZACIONES!H78 -> 476280 | I78: =ROUND(GEOMEAN(E78:H78),0) -> 528435 | J78: =STDEVP(E78:H78) -> 223134.35 | K78: =MIN(E78:H78) -> 264600 | L78: =MAX(E78:H78) -> 825000 | M78: =(J78/I78)*100 -> 42.225506 | N78: =100-M78 -> 57.774494 | O78: =IF(N78>75,"ALTO","BAJO") -> BAJO | P78: =ROUND(GEOMEAN(E78,F78,H78),0) -> 470221 | Q78: =STDEVP(E78,F78,H78) -> 231051.27 | R78: =MIN(E78,F78,H78) -> 264600 | S78: =MAX(E78,F78,H78) -> 825000 | T78: =(Q78/P78)*100 -> 49.136741 | U78: =100-T78 -> 50.863259 | V78: =IF(U78>75,"ALTO","BAJO") -> BAJO | W78: =ROUND(GEOMEAN(E78,H78),0) -> 626842 | X78: =STDEVP(E78,H78) -> 174360 | Y78: =MIN(E78,H78) -> 476280 | Z78: =MAX(E78,H78) -> 825000 | AA78: =(X78/W78)*100 -> 27.815622 | AB78: =100-AA78 -> 72.184378 | AC78: =IF(AB78>75,"ALTO","BAJO") -> BAJO
E79: =SUM(E4:E78) -> 13684500 | F79: =SUM(F4:F78) -> 6300420 | G79: =SUM(G4:G78) -> 51825468 | H79: =SUM(H4:H78) -> 11340756 | I79: =SUM(I4:I78) -> 11670049 | J79: =STDEVP(E79:H79) -> 18117150 | K79: =MIN(E79:H79) -> 6300420 | L79: =MAX(E79:H79) -> 51825468 | M79: =(J79/I79)*100 -> 155.24485 | N79: =100-M79 -> -55.244851 | O79: =IF(N79>75,"ALTO","BAJO") -> BAJO | P79: =SUM(P4:P78) -> 9489257 | Q79: =STDEVP(E79,F79,H79) -> 3080814.5 | R79: =MIN(E79,H79) -> 11340756 | S79: =MAX(E79,H79) -> 13684500 | T79: =(Q79/P79)*100 -> 32.46634 | U79: =100-T79 -> 67.53366 | V79: =IF(U79>75,"ALTO","BAJO") -> BAJO | W79: =SUM(W4:W78) -> 11854673 | X79: =STDEVP(E79,H79) -> 1171872 | Y79: =MIN(E79,H79) -> 11340756 | Z79: =MAX(E79,H79) -> 13684500 | AA79: =(X79/W79)*100 -> 9.885317 | AB79: =100-AA79 -> 90.114683 | AC79: =IF(AB79>75,"ALTO","BAJO") -> ALTO

Sheet PRESUPUESTO
A1: ITEM | B1: DESCRIPCION | C1: UNIDAD DE MEDIDA | D1: CANTIDAD | E1: VALOR UNITARIO SIN IVA | F1: VALOR IVA | G1: VALOR UNITARIO (IVA INCLUIDO) | H1: VALOR SUBTOTAL ANTES DE IVA | I1: VALOR IVA | J1: VALOR SUBTOTAL INCLUIDO IVA
A2: 1 | B2: ESTACIÓN DE TRABAJO | C2: UNIDAD | D2: 1 | E2: =ROUND(+PROMEDIO!W4/1.19,0) -> 769538 | F2: =ROUND(E2*0.19,0) -> 146212 | G2: =ROUND(E2+F2,0) -> 915750 | H2: =D2*E2 -> 769538 | I2: =F2*D2 -> 146212 | J2: =ROUND(SUM(H2:I2),0) -> 915750 | L2: =ROUND(E2+F2,0) -> 915750 | M2: =L2-G2 -> 0
A3: 2 | B3: SOPORTE DE PARED/BANCO DE TRABAJO | C3: UNIDAD | D3: 2 | E3: =ROUND(+PROMEDIO!W5/1.19,0) -> 336933 | F3: =ROUND(E3*0.19,0) -> 64017 | G3: =ROUND(E3+F3,0) -> 400950 | H3: =D3*E3 -> 673866 | I3: =F3*D3 -> 128034 | J3: =ROUND(SUM(H3:I3),0) -> 801900 | L3: =ROUND(E3+F3,0) -> 400950 | M3: =L3-G3 -> 0
A4: 3 | B4: ALICATES DE CADENA (PINZA PARA ESLABONES DE CADENA) | C4: UNIDAD | D4: 1 | E4: =ROUND(+PROMEDIO!W6/1.19,0) -> 86181 | F4: =ROUND(E4*0.19,0) -> 16374 | G4: =ROUND(E4+F4,0) -> 102555 | H4: =D4*E4 -> 86181 | I4: =F4*D4 -> 16374 | J4: =ROUND(SUM(H4:I4),0) -> 102555 | L4: =ROUND(E4+F4,0) -> 102555 | M4: =L4-G4 -> 0
A5: 4 | B5: BOMBA / INFLADOR DE PISO CON MANOMETRO | C5: UNIDAD | D5: 2 | E5: =ROUND(+PROMEDIO!W7/1.19,0) -> 203130 | F5: =ROUND(E5*0.19,0) -> 38595 | G5: =ROUND(E5+F5,0) -> 241725 | H5: =D5*E5 -> 406260 | I5: =F5*D5 -> 77190 | J5: =ROUND(SUM(H5:I5),0) -> 483450 | L5: =ROUND(E5+F5,0) -> 241725 | M5: =L5-G5 -> 0
A6: 5 | B6: CALIBRADOR DE ALINEACIÓN DE LA SUSPENSIÓN DEL DESVIADOR (COMPAS PARA ALINEAR LAS UÑAS DE LOS MARCOS) | C6: UNIDAD | D6: 1 | E6: =ROUND(+PROMEDIO!W8/1.19,0) -> 398471 | F6: =ROUND(E6*0.19,0) -> 75709 | G6: =ROUND(E6+F6,0) -> 474180 | H6: =D6*E6 -> 398471 | I6: =F6*D6 -> 75709 | J6: =ROUND(SUM(H6:I6),0) -> 474180 | L6: =ROUND(E6+F6,0) -> 474180 | M6: =L6-G6 -> 0
A7: 6 | B7: COMPRESOR 24 LITROS | C7: UNIDAD | D7: 1 | E7: =ROUND(+PROMEDIO!W9/1.19,0) -> 1025244 | F7: =ROUND(E7*0.19,0) -> 194796 | G7: =ROUND(E7+F7,0) -> 1220040 | H7: =D7*E7 -> 1025244 | I7: =F7*D7 -> 194796 | J7: =ROUND(SUM(H7:I7),0) -> 1220040 | L7: =ROUND(E7+F7,0) -> 1220040 | M7: =L7-G7 -> 0
A8: 7 | B8: HOMBRESOLO MEDIANO (10") | C8: UNIDAD | D8: 1 | E8: =ROUND(+PROMEDIO!W10/1.19,0) -> 68761 | F8: =ROUND(E8*0.19,0) -> 13065 | G8: =ROUND(E8+F8,0) -> 81826 | H8: =D8*E8 -> 68761 | I8: =F8*D8 -> 13065 | J8: =ROUND(SUM(H8:I8),0) -> 81826 | L8: =ROUND(E8+F8,0) -> 81826 | M8: =L8-G8 -> 0
A9: 8 | B9: INSTALADOR DE ARAÑAS DE DIRECCIÓN | C9: UNIDAD | D9: 1 | E9: =ROUND(+PROMEDIO!W11/1.19,0) -> 136777 | F9: =ROUND(E9*0.19,0) -> 25988 | G9: =ROUND(E9+F9,0) -> 162765 | H9: =D9*E9 -> 136777 | I9: =F9*D9 -> 25988 | J9: =ROUND(SUM(H9:I9),0) -> 162765 | L9: =ROUND(E9+F9,0) -> 162765 | M9: =L9-G9 -> 0
A10: 9 | B10: JUEGO DE COPAS PARA TALLER EN ACERO DE 3/8, HEXAGONALES Y TIPO TORX | C10: UNIDAD | D10: 1 | E10: =ROUND(+PROMEDIO!W12/1.19,0) -> 300605 | F10: =ROUND(E10*0.19,0) -> 57115 | G10: =ROUND(E10+F10,0) -> 357720 | H10: =D10*E10 -> 300605 | I10: =F10*D10 -> 57115 | J10: =ROUND(SUM(H10:I10),0) -> 357720 | L10: =ROUND(E10+F10,0) -> 357720 | M10: =L10-G10 -> 0
A11: 10 | B11: JUEGO DE LLAVES ALLEN EN FORMA DE L Y EXTREMO DE BOLA. | C11: UNIDAD | D11: 1 | E11: =ROUND(+PROMEDIO!W13/1.19,0) -> 92887 | F11: =ROUND(E11*0.19,0) -> 17649 | G11: =ROUND(E11+F11,0) -> 110536 | H11: =D11*E11 -> 92887 | I11: =F11*D11 -> 17649 | J11: =ROUND(SUM(H11:I11),0) -> 110536 | L11: =ROUND(E11+F11,0) -> 110536 | M11: =L11-G11 -> 0
A12: 11 | B12: JUEGO DE LLAVES TORX | C12: UNIDAD | D12: 1 | E12: =ROUND(+PROMEDIO!W14/1.19,0) -> 97298 | F12: =ROUND(E12*0.19,0) -> 18487 | G12: =ROUND(E12+F12,0) -> 115785 | H12: =D12*E12 -> 97298 | I12: =F12*D12 -> 18487 | J12: =ROUND(SUM(H12:I12),0) -> 115785 | L12: =ROUND(E12+F12,0) -> 115785 | M12: =L12-G12 -> 0
A13: 12 | B13: MARTILLO DE UÑA CARPINTERO EN ACERO MANGO ERGONÓMICO | C13: UNIDAD | D13: 1 | E13: =ROUND(+PROMEDIO!W15/1.19,0) -> 116029 | F13: =ROUND(E13*0.19,0) -> 22046 | G13: =ROUND(E13+F13,0) -> 138075 | H13: =D13*E13 -> 116029 | I13: =F13*D13 -> 22046 | J13: =ROUND(SUM(H13:I13),0) -> 138075 | L13: =ROUND(E13+F13,0) -> 138075 | M13: =L13-G13 -> 0
... A76: 75 | B76: ESTANTERIA METALICA DESARMABLE | C76: UNIDAD | D76: 1 | E76: =ROUND(+PROMEDIO!W78/1.19,0) -> 546756 | F76: =ROUND(E76*0.19,0) -> 103884 | G76: =ROUND(E76+F76,0) -> 650640 | H76: =D76*E76 -> 546756 | I76: =F76*D76 -> 103884 | J76: =ROUND(SUM(H76:I76),0) -> 650640 | L76: =ROUND(E76+F76,0) -> 650640 | M76: =L76-G76 -> 0
K77: =SUM(J2:J76) -> 919996019
A78: VALOR TOTAL PRESUPUESTO SIN IVA | J78: =SUM(H2:H76) -> 773105394 | K78: =K77-J80 -> 0
A79: VALOR IVA | J79: =SUM(I2:I76) -> 146890625
A80: VALOR TOTAL PRESUPUESTO IVA INCLUIDO | J80: =SUM(J78:J79) -> 919996019
J82: 1750905
J83: =J80/J82 -> 525.44028

Sheet ANALISIS ESCENARIOS
B1: PRESUPUESTO VALOR UNITARIO | C1: MARGEN CONFIABILIDAD | D1: NIVEL CONFIABILIDAD | E1: ESCENARIOS ARITMETICOS
A3: PROMEDIO | B3: =PROMEDIO!I79 -> 20787787 | C3: =PROMEDIO!N79 -> 12.847143 | D3: =PROMEDIO!O79 -> BAJO | E3: ESCENARIO 1 (4 COTIZACIONES)
A4: MEDIANA | B4: =MEDIANA!I79 -> 11098504 | C4: =MEDIANA!N79 -> -63.23957 | D4: =MEDIANA!O79 -> BAJO | E4: ESCENARIO 4 (4 COTIZACIONES)
A5: MEDIA GEOMETRICA | B5: ='MEDIA GEOMETRICA'!I79 -> 11670049 | C5: ='MEDIA GEOMETRICA'!N79 -> -55.244851 | D5: ='MEDIA GEOMETRICA'!O79 -> BAJO | E5: ESCENARIO 6 (4 COTIZACIONES)
A6: PROMEDIO | B6: =PROMEDIO!P79 -> 10441892 | C6: =PROMEDIO!U79 -> 70.49563 | D6: =PROMEDIO!V79 -> BAJO | E6: ESCENARIO 2 (ELIMINANDO COTIZACION MAS ALTA 3)
A7: MEDIANA | B7: =MEDIANA!P79 -> 9891924 | C7: =MEDIANA!U79 -> 68.855255 | D7: =MEDIANA!V79 -> BAJO | E7: ESCENARIO 5 (ELIMINANDO COTIZACION MAS ALTA 3)
A8: MEDIA GEOMETRICA | B8: ='MEDIA GEOMETRICA'!P79 -> 9489257 | C8: ='MEDIA GEOMETRICA'!U79 -> 67.53366 | D8: ='MEDIA GEOMETRICA'!V79 -> BAJO | E8: ESCENARIO 7 (ELIMINANDO COTIZACION MAS ALTA 3)
A9: PROMEDIO | B9: =PROMEDIO!W79 -> 12512628 | C9: =PROMEDIO!AB79 -> 90.634485 | D9: =PROMEDIO!AC79 -> ALTO | E9: ESCENARIO 3 (ELIMINANDO COTIZACION MAS ALTA 3 Y MAS BAJA 2)
A10: MEDIA GEOMETRICA | B10: ='MEDIA GEOMETRICA'!W79 -> 11854673 | C10: ='MEDIA GEOMETRICA'!AB79 -> 90.114683 | D10: ='MEDIA GEOMETRICA'!AC79 -> ALTO | E10: ESCENARIO 8 (ELIMINANDO COTIZACION MAS ALTA 3 Y MAS BAJA 2)

Sheet Costos BMC
A1: “CONTRATAR EL SUMINISTRO DE ELEMENTOS, INSUMOS Y REPUESTOS REQUERIDOS PARA EL MANTENIMIENTO PREVENTIVO Y CORRECTIVO DE LAS BICICLETAS DE PROPIEDAD DE LA SECRETARÍA DISTRITAL DE MOVILIDAD”
A2: SECRETARÍA DISTRITAL DE MOVILIDAD | C2: Presupuesto antes IVA | D2: Presupuesto TOTAL iva incluido + costos asociados a la operación
C3: =PRESUPUESTO!J78 -> 773105394 | D3: =PRESUPUESTO!J80+E11 -> 933887949
A6: COSTOS ASOCIADOS A LA OPERACIÓN
B7: % | C7: Costo antes de IVA | D7: IVA | E7: TOTAL
A8: Registro en Bolsa | B8: 0.003 | C8: =ROUND(+(C3)*B8,0) -> 2319316 | D8: =ROUND(+C8*19%,0) -> 440670 | E8: =+C8+D8 -> 2759986
A9: Servicio de compensación y liquidación | B9: 0.0021 | C9: =ROUND(+(C3)*B9,0) -> 1623521 | D9: =ROUND(+C9*19%,0) -> 308469 | E9: =+C9+D9 -> 1931990
A10: Comisión estimada Sociedad Comisionista de Bolsa(*) | B10: 0.01 | C10: =ROUND(+(C3)*B10,0) -> 7731054 | D10: =ROUND(+C10*19%,0) -> 1468900 | E10: =+C10+D10 -> 9199954
A11: COSTOS TOTALES | C11: =SUM(C8:C10) -> 11673891 | D11: =SUM(D8:D10) -> 2218039 | E11: =SUM(E8:E10) -> 13891930

Sheet Historico de comisiones
A1: Fecha Selección | B1: Entidad Estatal | C1: Bien, Producto o Servicio | D1: Valor de la Negociación (antes de IVA) | E1: Valor Maximo Comisión antes de IVA (% porcentaje) | F1: Tipo de Cálculo
A2: 40732 | B2: Presidencia de la Republica | C2: HARDWARE Y SOFTWARE | D2: 813313323 | E2: 1 | F2: MAS CERCANA A LA MEDIA GEOMETRICA
A3: 40798 | B3: Gobernación del Huila | C3: CEMENTO | D3: 736250000 | E3: 1.5 | F3: MAS CERCANA A LA MEDIA GEOMETRICA
A4: 40830 | B4: Servicio Nacional de Aprendizaje | C4: EQUIPO DE COMPUTO | D4: 900000000 | E4: 1 | F4: MAS CERCANA A LA MEDIA GEOMETRICA
A5: 41087 | B5: SECRETARIA DISTRITAL DE SALUD | C5: Servicio de Aseo y Cafeteria | D5: 810755021 | E5: 2 | F5: MAS CERCANA A LA MEDIA GEOMETRICA
A6: 41115 | B6: SECRETARIA DISTRITAL DE SALUD | C6: Servicio de Vigilancia | D6: 922378000 | E6: 2 | F6: MAS CERCANA A LA MEDIA GEOMETRICA
A7: 41130 | B7: Ministerio de Vivienda, Ciudad y Territorio | C7: Tecnologia y Combustibles | D7: 825234056 | E7: 1.293 | F7: MAS CERCANA A LA MEDIA GEOMETRICA
A8: 41135 | B8: SECRETARIA DISTRITAL DE SALUD | C8: Servicio de Vigilancia | D8: 922378000 | E8: 2 | F8: MAS CERCANA A LA MEDIA GEOMETRICA
A9: 41156 | B9: Fuerza Aerea Colombiana | C9: DOTACION | D9: 892794354 | E9: 1.3 | F9: MAS CERCANA A LA MEDIA GEOMETRICA
A10: 41229 | B10: Municipio de Purificación - Tolima | C10: Alimentos y Vehiculos | D10: 815905000 | E10: 0.8 | F10: MAS CERCANA A LA MEDIA GEOMETRICA
A11: 41239 | B11: Ministerio de Minas y Energia | C11: Muebles | D11: 775862068 | E11: 1 | F11: MAS CERCANA A LA MEDIA GEOMETRICA
A12: 41267 | B12: Corporacion Autonoma Regional del Tolima | C12: PLANTULAS E INSUMOS | D12: 880029807 | E12: 2 | F12: MAS CERCANA A LA MEDIA GEOMETRICA
A13: 41360 | B13: Secretaria de Agricultura y desarrollo Rural de Antioquia | C13: INSUMOS AGROPECUARIOS | D13: 734760202 | E13: 1.6 | F13: MAS CERCANA A LA MEDIA GEOMETRICA
... A132: 46157 | B132: DEPARTAMENTO ADMINISTRATIVO NACIONAL DE ESTADISTICA - DANE | C132: SERVICIO DE SUMINISTRO DE TIQUETES AEREOS | D132: 918030120 | E132: 1.24 | F132: OFERTA MAS BAJA
D135: PROMEDIO | E135: =AVERAGE($E$2:$E$132) -> 1.0958262
D136: MEDIANA | E136: =MEDIAN($E$2:$E$132) -> 1
D137: MEDIA GEOMETRICA | E137: =GEOMEAN($E$2:$E$132) -> 1.02413
D138: MINIMO | E138: =MIN($E$2:$E$132) -> 0.566
D139: MAXIMO | E139: =MAX($E$2:$E$132) -> 2.61345

Sheet Hoja1
A1: DESCRIPCIÓN | B1: PORCENTAJE | C1: VALOR | D1: IVA | E1: TOTAL
A2: Valor de Negociación de Suministros antes de IVA ( Base de cálculo) (*) | C2: =PRESUPUESTO!J78 -> 773105394 | D2: =PRESUPUESTO!J79 -> 146890625 | E2: =C2+D2 -> 919996019
A3: Servicio de Compensacion y liquidacion | B3: 0.0021 | C3: =ROUND($C$2*B3,0) -> 1623521 | D3: =ROUND($C$3*0.19,0) -> 308469 | E3: =C3+D3 -> 1931990
A4: Registro en Bolsa | B4: 0.003 | C4: =ROUND($C$2*B4,0) -> 2319316 | D4: =ROUND(C4*0.19,0) -> 440670 | E4: =C4+D4 -> 2759986
A5: Comisión estimada Sociedad Comisionista de Bolsa | B5: 0.01 | C5: =ROUND($C$2*B5,0) -> 7731054 | D5: =ROUND(C5*0.19,0) -> 1468900 | E5: =C5+D5 -> 9199954
A6: VALOR TOTAL | C6: =SUM(C2:C5) -> 784779285 | D6: =SUM(D2:D5) -> 149108664 | E6: =SUM(E2:E5) -> 933887949
A10: CDP | B10: FECHA | C10: VALOR | D10: AFECTACION PRESUPUESTAL | E10: SALDO A LIBERAR
A11: 3338 | B11: 46178 | C11: 800000000
A12: 3339 | B12: 46178 | C12: 100000000
A13: 3342 | B13: 46178 | C13: 20000000
C14: =SUM(C11:C13) -> 920000000
A17: DESCRIPCIÓN | B17: PORCENTAJE | C17: VALOR
A18: Valor de Negociación de suministros antes de IVA ( Base de cálculo) | C18: ='Costos BMC'!C3 -> 773105394
A19: Comisionista | B19: 0.01 | C19: =ROUND(C18*B19,0) -> 7731054
A20: IVA | B20: 0.19 | C20: =ROUND(C19*0.19,0) -> 1468900
A21: TOTAL, COMISIONISTA | C21: =SUM(C19:C20) -> 9199954
A24: DESCRIPCIÓN | B24: PORCENTAJE | C24: VALOR
A25: Valor de Negociación de Imagen Institucional antes de IVA | C25: ='Costos BMC'!C3 -> 773105394
A26: ( Base de cálculo)
A27: Compensación y Liquidación | B27: 0.0021 | C27: =ROUND(C25*B27,0) -> 1623521
A28: Costo Registro de Bolsa | B28: 0.003 | C28: =ROUND(C25*B28,0) -> 2319316
A29: Subtotal | C29: =C27+C28 -> 3942837
A30: IVA | B30: 0.19 | C30: =ROUND(C29*0.19,0) -> 749139
A31: TOTAL, COSTO BOLSA | C31: =ROUNDUP(C29+C30,0) -> 4691976
